 Dungeon Crawl Stone Soup version 0.32-a0-384-gdd28848 (webtiles) character file.

Game seed: 13995909262552197448

105 Nithhogg the Trooper (level 4, 0/40 HPs)
             Began as a Mountain Dwarf Fighter on Feb 19, 2024.
             Shot with an arrow by a centaur (4 damage)
             ... on level 5 of the Dungeon.
             The game lasted 00:03:13 (1957 turns).

Nithhogg the Trooper (Mountain Dwarf Fighter)       Turns: 1957, Time: 00:03:14

Health: 0/40       AC:  7    Str: 21    XL:     4   Next: 54%
Magic:  5/5        EV:  9    Int:  8    God:
Gold:   137        SH:  0    Dex: 15    Spells: 3/3 levels left

rFire   . . .        a - +0 war axe
rCold   . . .        (no shield)
rNeg    . . .        b - +0 scale mail
rPois   .            (no helmet)
rElec   .            (no cloak)
rCorr   .            (no gloves)
SInv    .            (no boots)
Will    .....        (no amulet) Stlth
                     o - +6 ring of dexterity
HPRegen 0.26/turn    (no ring)
MPRegen 0.09/turn

%: no passive effects
@: no status effects
A: runic magic, artefact enchanting
a: no special abilities


You were on level 5 of the Dungeon.
You visited 1 branch of the dungeon, and saw 5 of its levels.

You collected 137 gold pieces.

Inventory:

Hand Weapons
 a - a +0 war axe (weapon)
 k - the +6 dagger of Wiywnaa {venom, ^Fragile Dex+5}
   (You found it on level 2 of the Dungeon)

   Dex+5:     It affects your dexterity (+5).
   ^Fragile:  It will be destroyed if unequipped.
Armour
 b - a +0 scale mail (worn)
 c - a +0 buckler
Jewellery
 l - a ring of protection from cold
 o - a +6 ring of dexterity (left hand)
Scrolls
 e - 2 scrolls of revelation
 n - a scroll of acquirement {unknown}
Potions
 d - 3 potions of might
 h - a potion of heal wounds {unknown}
 i - a potion of mutation {unknown}
 j - 2 potions of attraction {unknown}
 m - 2 potions of curing {unknown}


   Skills:
 + Level 4.1 Fighting
 + Level 3.6 Axes
 + Level 4.0 Armour
 - Level 3.2 Shields
 + Level 2.5 Invocations


You had 3 spell levels left.
You didn't know any spells.
Your spell library contained the following spells:

 Spells                   Type           Power      Damage    Failure   Level
 Call Canine Familiar     Summ           0%         N/A       86%         3
 Sigil of Binding         Hex            0%         N/A       86%         3
 Dimensional Bullseye     Hex/Tloc       0%         N/A       99%         4


Dungeon Overview and Level Annotations

Branches:
Dungeon (6/15)
 Temple: D:4-7

Altars:

Annotations:
D:6 Edmund, Jeremiah


Innate Abilities, Weirdness & Mutations

Your spellcasting is much less encumbered by armour.
You can use scrolls of enchantment on lesser artefacts.


Message History

You swap places.
The gnoll closely misses your butterfly.
The orc misses your butterfly.
Something closely misses your butterfly.
Something kicks your butterfly.
Your butterfly dies!
Your butterfly disappears in a burst of colours!
The gnoll completely misses your butterfly.
The orc completely misses your butterfly.
The centaur hits your butterfly.
Your butterfly dies!
Your butterfly disappears in a burst of colours!
The orc completely misses your butterfly.
The gnoll barely misses your butterfly.
The orc completely misses your butterfly.
The centaur closely misses your butterfly.
The centaur kicks your butterfly.
Your butterfly dies!
Your butterfly disappears in a burst of colours!
The centaur closely misses your butterfly. x2
The centaur wields a +0 orcbow.
The centaur shoots an arrow.
The arrow hits you!
A quokka comes into view.
The orc barely misses your butterfly.
Your butterfly disappears in a burst of colours!
The shadow imp closely misses something.
The centaur unwields a +0 orcbow.
The centaur closely misses something.
The centaur completely misses something.
Found a potion of might.
The quokka completely misses you.
You slash the quokka!
You kill the quokka!
Your butterfly disappears in a burst of colours!
The centaur wields a +0 orcbow.
The centaur shoots an arrow.
The arrow hits you.
You see here a quokka corpse.
The centaur shoots an arrow.
The arrow hits you!
* * * LOW HITPOINT WARNING * * *
Something closely misses your butterfly.
The centaur shoots an arrow.
The arrow hits you.
You die...

.... ....## #..
...!.# .. ..#..##
##. .......
#..####.......
#.....#.......
#....b@...###
##...†..b.....
#......b##.#..
###..##.#..#
##.###.....
#c#..#b.b..
###g#b..bb....
###....b........
####.##...b#bb.....


You could see a centaur and a gnoll (ally target).

Vanquished Creatures
  2 adders
  3 orcs (D:3)
  3 endoplasms
  4 giant cockroaches
  6 goblins
  5 hobgoblins
  2 jackals (D:2)
  3 quokkas
  A ball python (D:1)
  7 bats
  3 frilled lizards
  5 kobolds
  5 rats
49 creatures vanquished.

Notes
Turn   | Place    | Note
-------+----------+-------------------------------------------
     0 | D:1      | Nithhogg the Mountain Dwarf Fighter began the quest for the
                  | Orb.
     0 | D:1      | Reached XP level 1. HP: 19/19 MP: 1/1
   219 | D:1      | Reached skill level 1 in Invocations
   219 | D:1      | Reached XP level 2. HP: 26/26 MP: 2/2
   545 | D:1      | Reached XP level 3. HP: 32/33 MP: 4/4
   846 | D:2      | Identified the +6 dagger of Wiywnaa {venom, ^Fragile Dex+5}
  1039 | D:2      | Reached XP level 4. HP: 40/40 MP: 5/5
  1871 | D:3      | You fall into a shaft and drop 3 floors!
  1894 | D:6      | Noticed Jeremiah
  1899 | D:6      | Noticed Edmund
  1934 | D:5      | Entered Level 5 of the Dungeon
  1934 | D:5      | Noticed a centaur
  1957 | D:5      | Shot with an arrow by a centaur

Illustrated notes

Levels and vault maps discovered:
D:1:      spicycebolla_green_bress_n_ham_2, layout_basic,
          chequers_serial_rivers_marsh
D:2:      layout_basic, hex_medium
D:3:      layout_rooms, nicolae_overflow_ecumenical_swirl,
          general_overflow_altar, serial_shops, shop
D:5:      layout_cave_pools, kennysheep_orc_sif_temple, uniq_eustachio
D:6:      layout_cave_pools, gup_sewer_entry_bubbles, minivault_26, uniq_edmund,
          uniq_jeremiah

Skill      XL: |  1  2  3  4 |
---------------+-------------+-----
Invocations    | 1 2 |  2.5
Axes           | 3 |  3.6
Fighting       | 4 |  4.1
Armour         | 4 |  4.0
Shields        | |  3.2

Action                     |  1- 3 |  4- 6 || total
---------------------------+-------+-------++-------
  Melee: War axe           |    97 |    63 ||   160
    Use: Scroll            |       |     5 ||     5
 Armour: Scale mail        |    98 |    72 ||   170
  Dodge: Dodged            |    62 |    58 ||   120

Table legend: (Time is in decaauts)
 A = Elapsed time spent in this place.
 B = Non-inter-level travel time spent in this place.
 C = Inter-level travel time spent in this place.
 D = Time resting spent in this place.
 E = Time spent auto-exploring this place.
 F = Levels seen in this place.
 G = Mean time per level.
                   A        B        C        D        E       F      G
               +--------+--------+--------+--------+--------+-----+--------+
         Total |   2015 |   1979 |     36 |      0 |   1532 |   5 |  403.0 |
       Dungeon |   2015 |   1979 |     36 |      0 |   1532 |   5 |  403.0 |
               +--------+--------+--------+--------+--------+-----+--------+

Top non-repeatable levels by time:
     D:2: 973 daAuts
     D:1: 807 daAuts
     D:3: 149 daAuts
     D:6: 62 daAuts
     D:5: 23 daAuts
